[Event "Queens Festival Europe 2022"]
[Site "Tornelo"]
[Date "2022.06.19"]
[Round "1.7"]
[White "Machlik, Monika"]
[Black "Ayzenberg, Alena"]
[Result "1-0"]
[ECO "E48"]
[WhiteElo "2134"]
[BlackElo "2016"]
[Annotator "NA RC"]
[PlyCount "45"]
[EventDate "2022.06.19"]
[EventType "swiss"]
[EventCountry "NET"]
[SourceTitle "playchess.com"]
[Source "ChessBase"]
[SourceQuality "1"]
[TimeControl "180+2"]

1. d4 Nf6 2. c4 e6 3. Nc3 Bb4 4. e3 c5 5. Bd3 Nc6 6. Nge2 cxd4 7. exd4 d5 8. O-O dxc4 9. Bxc4 O-O 10. Bg5 h6 11. Bh4 Be7 12. Qd2 b6 13. Rfd1 Na5 14. Bd3 Bb7 15. Rac1 Rc8 16. Bb1 Nc4 17. Qc2 Nd6 18. Bxf6 Be4 19. Bxe7 Bxc2 20. Bxd8 Bxd1 21. Be7 Bxe2 22. Bxf8 Bh5 23. Bxd6 1-0

[Event "Queens Festival Europe 2022"]
[Site "Tornelo"]
[Date "2022.06.19"]
[Round "1.7"]
[White "Lampard, Alice"]
[Black "Subramanian, Anusha"]
[Result "1-0"]
[ECO "D18"]
[WhiteElo "1756"]
[BlackElo "1671"]
[Annotator "NA RC"]
[PlyCount "147"]
[EventDate "2022.06.19"]
[EventType "swiss"]
[EventCountry "NET"]
[SourceTitle "playchess.com"]
[Source "ChessBase"]
[SourceQuality "1"]
[TimeControl "180+2"]

1. d4 d5 2. c4 c6 3. Nc3 Nf6 4. Nf3 dxc4 5. a4 Bf5 6. e3 e6 7. Bxc4 Bb4 8. O-O O-O 9. Nh4 Bg4 10. f3 Bh5 11. g4 Bg6 12. Nxg6 hxg6 13. Bd2 Nbd7 14. Ne2 Bxd2 15. Qxd2 Nb6 16. Bb3 c5 17. a5 Nc8 18. Rfd1 cxd4 19. Qxd4 Ne7 20. g5 Nh7 21. h4 Nc6 22. Qg4 Qe7 23. Nd4 Nxd4 24. Rxd4 Rfd8 25. Rad1 Rxd4 26. Qxd4 Qc7 27. Qg4 Rd8 28. f4 Rxd1+ 29. Qxd1 Qxa5 30. Kf2 Qb6 31. Qd3 Nf8 32. Qc3 Qc6 33. Qxc6 bxc6 34. Ba4 c5 35. Ke2 f5 36. Kd3 Kf7 37. Kc4 Ke7 38. Kxc5 Nd7+ 39. Kd4 Nb6 40. Bc6 Kd6 41. Be8 Nd5 42. Bxg6 Nb4 43. h5 Nc6+ 44. Kc3 Ne7 45. Bf7 Kd5 46. h6 gxh6 47. gxh6 Ke4 48. h7 Kxe3 49. h8=Q Nd5+ 50. Kb3 Nxf4 51. Qe5+ Kf3 52. Bxe6 Nxe6 53. Qxe6 f4 54. Qf5 Ke3 55. Kc4 f3 56. Qd3+ Kf4 57. Qf1 Ke3 58. b4 f2 59. Kb5 Kf3 60. Ka6 Ke3 61. Kxa7 Kd4 62. Ka6 Kd5 63. b5 Kc5 64. b6 Kc6 65. b7 Kc7 66. Qxf2 Kb8 67. Qa7+ Kc7 68. b8=Q+ Kc6 69. Qac7+ Kd5 70. Qbd8+ Ke6 71. Qce7+ Kf5 72. Qdf8+ Kg6 73. Qeg7+ Kh5 74. Qfh8# 1-0

[Event "Queens Festival Europe 2022"]
[Site "Tornelo"]
[Date "2022.06.19"]
[Round "1.7"]
[White "Ismayilova, Salbinaz"]
[Black "Hariharan, Shambavi"]
[Result "0-1"]
[ECO "B13"]
[WhiteElo "1090"]
[BlackElo "1517"]
[Annotator "NA RC"]
[PlyCount "111"]
[EventDate "2022.06.19"]
[EventType "swiss"]
[EventCountry "NET"]
[SourceTitle "playchess.com"]
[Source "ChessBase"]
[SourceQuality "1"]
[TimeControl "180+2"]

1. e4 c6 2. d4 d5 3. exd5 cxd5 4. Nf3 Nc6 5. Bb5 Nf6 6. Nc3 Bd7 7. O-O e6 8. a3 Be7 9. Bf4 O-O 10. Bxc6 Bxc6 11. Ne5 Re8 12. Nxc6 bxc6 13. Qd3 h6 14. Rfe1 Bd6 15. Bxd6 Qxd6 16. Ne2 Ne4 17. Ng3 Nxg3 18. fxg3 c5 19. c3 cxd4 20. Qxd4 Rec8 21. Rad1 Qc5 22. Qxc5 Rxc5 23. Kf2 Rb8 24. Rd2 Rb3 25. Ree2 Rcb5 26. Kf3 Kf8 27. Kf4 Ke7 28. Ke5 f6+ 29. Kd4 e5+ 30. Ke3 Ke6 31. Kf3 d4 32. Rxd4 Rxb2 33. Rxb2 Rxb2 34. Ra4 Rb7 35. c4 Rc7 36. Ke3 Kd6 37. Kd3 Kc5 38. Rb4 Rd7+ 39. Kc3 a5 40. Rb5+ Kc6 41. Rxa5 Re7 42. Rb5 Ra7 43. Kb4 e4 44. a4 e3 45. Ka3 Re7 46. Rb1 Kc5 47. Re1 Kxc4 48. a5 Kd3 49. a6 Kd2 50. Rxe3 Kxe3 51. Ka4 Kf2 52. Kb5 Kxg2 53. Kb6 Kxh2 54. a7 Rxa7 55. Kxa7 Kxg3 56. Kb7 0-1

[Event "Queens Festival Europe 2022"]
[Site "Tornelo"]
[Date "2022.06.19"]
[Round "1.8"]
[White "Tsakona, Maria"]
[Black "Kanyamarala, Trisha"]
[Result "0-1"]
[ECO "B52"]
[WhiteElo "2007"]
[BlackElo "2127"]
[Annotator "NA RC"]
[PlyCount "126"]
[EventDate "2022.06.19"]
[EventType "swiss"]
[EventCountry "NET"]
[SourceTitle "playchess.com"]
[Source "ChessBase"]
[SourceQuality "1"]
[TimeControl "180+2"]

1. e4 c5 2. Nf3 d6 3. Bb5+ Bd7 4. Bxd7+ Nxd7 5. O-O Ngf6 6. Re1 e6 7. d4 cxd4 8. Nxd4 a6 9. c4 Rc8 10. b3 Be7 11. Bb2 O-O 12. Nc3 Qa5 13. Qd2 Qh5 14. f3 Ne5 15. Rad1 Rfd8 16. Qf2 Nc6 17. Nde2 Nb4 18. Kh1 Qa5 19. Nd4 Nc6 20. f4 Nxd4 21. Qxd4 Qh5 22. Rd3 e5 23. Qg1 exf4 24. Rh3 Qa5 25. Qd4 Qc5 26. Qd3 b5 27. cxb5 Re8 28. Nd5 Nxd5 29. exd5 g6 30. Qd2 Bf8 31. Rc1 Qxb5 32. Qd1 Rxc1 33. Qxc1 Qe2 34. Rf3 Qe1+ 35. Rf1 Qxc1 36. Rxc1 Rd8 37. Rc6 Re8 38. Kg1 Re1+ 39. Kf2 Rb1 40. Bd4 Rd1 41. Bf6 Rd2+ 42. Kf3 Rxa2 43. Rc8 Ra3 44. Be7 Rxb3+ 45. Kxf4 g5+ 46. Kxg5 h6+ 47. Kf6 Rb2 48. Rxf8+ Kh7 49. Rxf7+ Kg8 50. Rg7+ Kh8 51. Kf7 Rf2+ 52. Bf6 Rf5 53. Rg5+ Rxf6+ 54. Kxf6 hxg5 55. Kxg5 a5 56. Kf4 a4 57. Ke3 a3 58. Kd2 a2 59. Kd3 a1=Q 60. Ke4 Qe5+ 61. Kf3 Qxh2 62. Kg4 Qxg2+ 63. Kh5 Qxd5+ 0-1

[Event "Queens Festival Europe 2022"]
[Site "Tornelo"]
[Date "2022.06.19"]
[Round "1.8"]
[White "Shuqja, Klean"]
[Black "Gjergji, Rozana"]
[Result "1-0"]
[ECO "C72"]
[WhiteElo "1839"]
[BlackElo "1920"]
[Annotator "NA RC"]
[PlyCount "93"]
[EventDate "2022.06.19"]
[EventType "swiss"]
[EventCountry "NET"]
[SourceTitle "playchess.com"]
[Source "ChessBase"]
[SourceQuality "1"]
[TimeControl "180+2"]

1. e4 e5 2. Nf3 Nc6 3. Bb5 a6 4. Ba4 d6 5. O-O f5 6. exf5 Bxf5 7. d4 b5 8. Bb3 Be7 9. Bd5 Bd7 10. dxe5 dxe5 11. Bxc6 Bxc6 12. Nxe5 Qxd1 13. Rxd1 Be4 14. c3 Nf6 15. Nd2 O-O 16. Nxe4 Nxe4 17. Be3 Bd6 18. Nf3 Rae8 19. a4 Nc5 20. axb5 axb5 21. Bxc5 Bxc5 22. Re1 Bb6 23. b4 h6 24. Rxe8 Rxe8 25. Re1 Rxe1+ 26. Nxe1 Kf7 27. Kf1 Ke6 28. Ke2 Kd5 29. Kd3 Bxf2 30. Nc2 c5 31. bxc5 Kxc5 32. g4 Bg1 33. h3 Bh2 34. Na3 Be5 35. Nc2 Bf6 36. Na3 b4 37. cxb4+ Kxb4 38. Nc2+ Kc5 39. Ke4 Kd6 40. Kf5 Kd5 41. Ne3+ Kd4 42. Ng2 Kd3 43. Nf4+ Ke3 44. Nd5+ Kf3 45. Nxf6 gxf6 46. h4 Kg3 47. h5 1-0

[Event "Queens Festival Europe 2022"]
[Site "Tornelo"]
[Date "2022.06.19"]
[Round "1.9"]
[White "Okuyaz, Duru"]
[Black "Ismayil, Malak"]
[Result "1-0"]
[ECO "C90"]
[WhiteElo "2090"]
[BlackElo "2001"]
[Annotator "NA RC"]
[PlyCount "95"]
[EventDate "2022.06.19"]
[EventType "swiss"]
[EventCountry "NET"]
[SourceTitle "playchess.com"]
[Source "ChessBase"]
[SourceQuality "1"]
[TimeControl "180+2"]

1. e4 e5 2. Nf3 Nc6 3. Bb5 a6 4. Ba4 Nf6 5. O-O b5 6. Bb3 Be7 7. Re1 O-O 8. c3 d6 9. d3 h6 10. Nbd2 Re8 11. Nf1 Bf8 12. Ng3 Qe7 13. Nh4 Be6 14. Nhf5 Qd8 15. d4 exd4 16. cxd4 Bxb3 17. Qxb3 Na5 18. Qf3 c5 19. dxc5 dxc5 20. Bf4 Nc4 21. Rad1 Qb6 22. b3 Ne5 23. Qc3 Ng6 24. Bd6 Rad8 25. e5 Nh7 26. Bxf8 Rxd1 27. Rxd1 Nhxf8 28. e6 Nxe6 29. Rd6 Qc7 30. Nh5 f6 31. Qd2 Ne5 32. Nxh6+ Kf8 33. Nf5 Qf7 34. Nfxg7 Nxg7 35. Rxf6 Nxh5 36. Rxf7+ Nxf7 37. h3 Nf6 38. Qf4 Kg7 39. Qg3+ Kf8 40. Qc7 Ne4 41. f3 Nf6 42. Qxc5+ Kg7 43. h4 Re5 44. Qc1 Nd5 45. g4 Re3 46. Kf2 Rd3 47. Qb2+ Kf8 48. Qc2 1-0

[Event "Queens Festival Europe 2022"]
[Site "Tornelo"]
[Date "2022.06.19"]
[Round "1.9"]
[White "Sava, Ana-Maria"]
[Black "Rahimli, Izzat"]
[Result "1-0"]
[ECO "C01"]
[WhiteElo "1916"]
[BlackElo "1817"]
[Annotator "NA RC"]
[PlyCount "75"]
[EventDate "2022.06.19"]
[EventType "swiss"]
[EventCountry "NET"]
[SourceTitle "playchess.com"]
[Source "ChessBase"]
[SourceQuality "1"]
[TimeControl "180+2"]

1. e4 e6 2. d4 d5 3. exd5 exd5 4. Nf3 Nf6 5. Bg5 Be7 6. Bd3 h6 7. Bf4 O-O 8. O-O b6 9. Re1 Bb7 10. c3 c5 11. Ne5 Nbd7 12. Nd2 Re8 13. Ndf3 Nf8 14. Bb5 N8d7 15. Nxd7 Nxd7 16. Ne5 Nxe5 17. Bxe5 Rf8 18. Qg4 Bf6 19. Bf4 Kh8 20. Qg3 cxd4 21. cxd4 Bxd4 22. Bd6 Rg8 23. Be7 Qc8 24. Rac1 Qf5 25. b3 Rac8 26. Bd3 Bxf2+ 27. Qxf2 Qxd3 28. Rxc8 Rxc8 29. Qxf7 Qd4+ 30. Kh1 Ba6 31. Qe6 Rg8 32. Ba3 Bb7 33. Bc1 Qh4 34. Qf7 Ba8 35. Rg1 d4 36. Qf5 d3 37. Qxd3 Qh5 38. Qg3 1-0

[Event "Queens Festival Europe 2022"]
[Site "Tornelo"]
[Date "2022.06.19"]
[Round "1.10"]
[White "Malikova, Ulviyya"]
[Black "Stastna, Martina"]
[Result "0-1"]
[ECO "E14"]
[WhiteElo "1805"]
[BlackElo "1912"]
[Annotator "NA RC"]
[PlyCount "62"]
[EventDate "2022.06.19"]
[EventType "swiss"]
[EventCountry "NET"]
[SourceTitle "playchess.com"]
[Source "ChessBase"]
[SourceQuality "1"]
[TimeControl "180+2"]

1. d4 d5 2. c4 Nf6 3. Nf3 e6 4. e3 Be7 5. Be2 Nbd7 6. O-O O-O 7. b3 c5 8. Bb2 b6 9. Nc3 Bb7 10. Rc1 Rc8 11. cxd5 Nxd5 12. Nxd5 Bxd5 13. Ba6 Rc7 14. Qe2 Nf6 15. Rfd1 Qb8 16. dxc5 Rxc5 17. Rxc5 Bxc5 18. Bxf6 gxf6 19. Ne1 Qe5 20. Nd3 Qg5 21. e4 Bc6 22. Nxc5 Qxc5 23. Qg4+ Qg5 24. Qxg5+ fxg5 25. f3 Kg7 26. Kf2 Kf6 27. Ke3 Ke7 28. e5 f6 29. exf6+ Rxf6 30. Bd3 h6 31. Be4 Bb5 0-1

[Event "Queens Festival Europe 2022"]
[Site "Tornelo"]
[Date "2022.06.19"]
[Round "2.1"]
[White "Machlik, Monika"]
[Black "Gueci, Tea"]
[Result "1-0"]
[ECO "A43"]
[WhiteElo "2134"]
[BlackElo "2248"]
[Annotator "NA RC"]
[PlyCount "87"]
[EventDate "2022.06.19"]
[EventType "swiss"]
[EventCountry "NET"]
[SourceTitle "playchess.com"]
[Source "ChessBase"]
[SourceQuality "1"]
[TimeControl "180+2"]

1. d4 g6 2. c4 Bg7 3. Nc3 d6 4. e4 c5 5. d5 Bxc3+ 6. bxc3 e5 7. g3 h5 8. Bh3 Nf6 9. Bg5 Nbd7 10. Ne2 Qa5 11. Qd3 Nh7 12. Bd2 Ndf6 13. Bxc8 Rxc8 14. O-O h4 15. f4 hxg3 16. Nxg3 exf4 17. Bxf4 Qd8 18. e5 Ng4 19. exd6 Qh4 20. Qe2+ Kf8 21. d7 Rd8 22. Bd6+ Kg7 23. Be7 Nhf6 24. Bxd8 Rxd8 25. Rf4 Qg5 26. Raf1 Rxd7 27. Qf2 b6 28. Qe2 Nh5 29. Rxg4 Nxg3 30. Rxg3 Qh6 31. Qe3 Qh5 32. Qf3 Qe5 33. Qe3 Qh5 34. Rgf3 b5 35. Qxc5 bxc4 36. Qd4+ Kh7 37. d6 f5 38. Qe3 Qg4+ 39. Rg3 Qe4 40. Qxe4 fxe4 41. Rd1 Kg7 42. Re3 Kf6 43. Rxe4 a6 44. Rxc4 1-0

[Event "Queens Festival Europe 2022"]
[Site "Tornelo"]
[Date "2022.06.19"]
[Round "2.1"]
[White "Mammadova, Aysel"]
[Black "Cassi, Elisa"]
[Result "1-0"]
[ECO "B13"]
[WhiteElo "1893"]
[BlackElo "1999"]
[Annotator "NA RC"]
[PlyCount "83"]
[EventDate "2022.06.19"]
[EventType "swiss"]
[EventCountry "NET"]
[SourceTitle "playchess.com"]
[Source "ChessBase"]
[SourceQuality "1"]
[TimeControl "180+2"]

1. e4 c6 2. d4 d5 3. exd5 cxd5 4. Bd3 Nc6 5. Nf3 Nf6 6. O-O Bg4 7. Be3 e6 8. Nbd2 Bd6 9. c4 dxc4 10. Nxc4 Bc7 11. Be2 Ne7 12. Qa4+ Qd7 13. Qxd7+ Kxd7 14. Nfe5+ Ke8 15. Nxg4 Nfd5 16. Nge5 f6 17. Nd3 Kf7 18. Rac1 Rhd8 19. Bf3 Rac8 20. Bxd5 Nxd5 21. Nd2 Ba5 22. Nb3 Bb6 23. Rxc8 Rxc8 24. Rc1 Rd8 25. Kf1 g5 26. Ke2 Kg6 27. f4 Nxe3 28. Kxe3 gxf4+ 29. Nxf4+ Kf5 30. Ne2 e5 31. Kd3 Rg8 32. Rf1+ Ke6 33. g3 h5 34. h3 f5 35. dxe5 Kxe5 36. Rf3 Rd8+ 37. Kc2 Rc8+ 38. Nc3 h4 39. gxh4 Rh8 40. Nd2 Rxh4 41. b3 Ba5 42. Nc4+ 1-0

[Event "Queens Festival Europe 2022"]
[Site "Tornelo"]
[Date "2022.06.19"]
[Round "2.1"]
[White "Stadlinger, Lea"]
[Black "Khalilova, Khadija"]
[Result "0-1"]
[ECO "B80"]
[WhiteElo "1723"]
[BlackElo "1777"]
[Annotator "NA RC"]
[PlyCount "94"]
[EventDate "2022.06.19"]
[EventType "swiss"]
[EventCountry "NET"]
[SourceTitle "playchess.com"]
[Source "ChessBase"]
[SourceQuality "1"]
[TimeControl "180+2"]

1. e4 c5 2. Nf3 d6 3. d4 cxd4 4. Nxd4 Nf6 5. Nc3 a6 6. Be3 e6 7. f3 Be7 8. Be2 Qc7 9. Qd2 b5 10. a3 Bb7 11. g4 Nc6 12. h4 Ne5 13. h5 h6 14. Kf2 d5 15. exd5 Bxd5 16. Nxd5 Nxd5 17. f4 Nc4 18. Bxc4 Qxc4 19. c3 Rd8 20. Qe2 Qc7 21. Qf3 Bd6 22. Ne2 Nxe3 23. Qxe3 Bc5 24. Nd4 Rd5 25. Kg2 O-O 26. Rad1 Rfd8 27. Qe4 Bxd4 28. cxd4 Qc4 29. Qd3 Rxd4 30. Qxc4 bxc4 31. Rc1 Rxf4 32. Kg3 Rdd4 33. Rc3 Rxg4+ 34. Kf3 f5 35. Rhc1 Rgf4+ 36. Kg3 Kf7 37. Re3 Kf6 38. Rf3 Rxf3+ 39. Kxf3 e5 40. Ke3 Ke6 41. Kf3 Rd3+ 42. Ke2 Kd5 43. Rg1 f4 44. Rxg7 Ke4 45. Rg6 f3+ 46. Kf1 Ke3 47. Rxh6 Rd1# 0-1

[Event "Queens Festival Europe 2022"]
[Site "Tornelo"]
[Date "2022.06.19"]
[Round "2.1"]
[White "Ismayilova, Khanim"]
[Black "Ahmadova, Minaya"]
[Result "1-0"]
[ECO "D94"]
[WhiteElo "1647"]
[BlackElo "1285"]
[Annotator "NA RC"]
[PlyCount "107"]
[EventDate "2022.06.19"]
[EventType "swiss"]
[EventCountry "NET"]
[SourceTitle "playchess.com"]
[Source "ChessBase"]
[SourceQuality "1"]
[TimeControl "180+2"]

1. c4 c5 2. Nc3 Nc6 3. Nf3 g6 4. e3 Bg7 5. d4 cxd4 6. exd4 Nf6 7. Be2 O-O 8. O-O d5 9. b3 Bg4 10. Bb2 e6 11. Ne5 Bxe2 12. Nxe2 dxc4 13. bxc4 Nxe5 14. dxe5 Nd7 15. Qd6 Nb6 16. Qxd8 Raxd8 17. Rac1 Rd2 18. Ba3 Rc8 19. Ng3 Bxe5 20. Ne4 Rdd8 21. c5 Nd5 22. Rfd1 Bg7 23. h3 Bf8 24. Nd6 Rc7 25. Nb5 Rcc8 26. Nxa7 Ra8 27. Nb5 b6 28. Rd3 Rdc8 29. Nd6 Bxd6 30. cxd6 Rd8 31. Rc6 b5 32. Rb3 Rab8 33. Bc5 Rd7 34. Ra3 b4 35. Ra7 Rdd8 36. d7 Nf6 37. Be7 Rxd7 38. Rxd7 Nxd7 39. Rd6 Nb6 40. Rc6 Nd5 41. Bd6 Kg7 42. Bxb8 Nc3 43. Be5+ f6 44. Bxc3 bxc3 45. Rxc3 e5 46. a4 f5 47. a5 Kf6 48. a6 Kf7 49. a7 Kf8 50. a8=Q+ Kg7 51. Rc7+ Kh6 52. Qf8+ Kh5 53. Rxh7+ Kg5 54. h4+ 1-0

[Event "Queens Festival Europe 2022"]
[Site "Tornelo"]
[Date "2022.06.19"]
[Round "2.2"]
[White "Richtrova, Eliska"]
[Black "Okuyaz, Duru"]
[Result "1-0"]
[ECO "B24"]
[WhiteElo "2204"]
[BlackElo "2090"]
[Annotator "NA RC"]
[PlyCount "101"]
[EventDate "2022.06.19"]
[EventType "swiss"]
[EventCountry "NET"]
[SourceTitle "playchess.com"]
[Source "ChessBase"]
[SourceQuality "1"]
[TimeControl "180+2"]

1. e4 e6 2. d3 c5 3. g3 Nc6 4. Bg2 g6 5. Nc3 Bg7 6. Be3 Nge7 7. Bxc5 d6 8. Be3 O-O 9. Qd2 d5 10. Bh6 dxe4 11. Bxg7 Kxg7 12. Nxe4 Qb6 13. Qc3+ e5 14. Nf3 Nd5 15. Qb3 Ndb4 16. O-O Be6 17. c4 Rad8 18. Rad1 Nd4 19. Nxd4 Rxd4 20. a3 Nc6 21. Qxb6 axb6 22. Ng5 Bf5 23. Be4 Rfd8 24. Bd5 Bxd3 25. Rfe1 Bxc4 26. Rxd4 Nxd4 27. Bxc4 h6 28. Rxe5 hxg5 29. Re7 Kf6 30. Rxf7+ Ke5 31. Rxb7 g4 32. Kg2 Nf3 33. Be2 Rd2 34. Bxf3 gxf3+ 35. Kxf3 Rxb2 36. h4 Rb3+ 37. Kg4 Kf6 38. a4 Rb4+ 39. f4 Rxa4 40. Rxb6+ Kg7 41. h5 gxh5+ 42. Kxh5 Ra5+ 43. Kg4 Ra4 44. Rc6 Rb4 45. Kg5 Ra4 46. Rc7+ Kf8 47. f5 Ra3 48. g4 Ra6 49. f6 Ra4 50. Kf5 Ra5+ 51. Kg6 1-0

[Event "Queens Festival Europe 2022"]
[Site "Tornelo"]
[Date "2022.06.19"]
[Round "2.2"]
[White "Arora, Tashika"]
[Black "Grigoryan, Meri"]
[Result "0-1"]
[ECO "D17"]
[WhiteElo "1822"]
[BlackElo "1993"]
[Annotator "NA RC"]
[PlyCount "70"]
[EventDate "2022.06.19"]
[EventType "swiss"]
[EventCountry "NET"]
[SourceTitle "playchess.com"]
[Source "ChessBase"]
[SourceQuality "1"]
[TimeControl "180+2"]

1. d4 d5 2. Nf3 Nf6 3. c4 c6 4. Nc3 dxc4 5. a4 Bf5 6. Ne5 e6 7. Nxc4 Bb4 8. f3 O-O 9. e4 Bxe4 10. fxe4 Nxe4 11. Qd3 f5 12. Be2 c5 13. O-O Qxd4+ 14. Qxd4 cxd4 15. Nb5 Nc6 16. Nc7 Rad8 17. Nxe6 d3 18. Bd1 d2 19. Nxf8 dxc1=Q 20. Rxc1 Bc5+ 21. Kh1 Rxf8 22. g3 Nd4 23. Nd6 Bxd6 24. Bf3 g6 25. Bxe4 fxe4 26. Rxf8+ Kxf8 27. Kg2 Ke7 28. Re1 Nf5 29. Rxe4+ Kf6 30. Kf3 Bc5 31. Rc4 b6 32. b4 Bd6 33. g4 Ne7 34. h3 Nd5 35. Rd4 Ke5 0-1

[Event "Queens Festival Europe 2022"]
[Site "Tornelo"]
[Date "2022.06.19"]
[Round "2.2"]
[White "Omeri, Eklea"]
[Black "Vicze, Zsofia"]
[Result "1-0"]
[ECO "D37"]
[WhiteElo "1525"]
[BlackElo "1749"]
[Annotator "NA RC"]
[PlyCount "141"]
[EventDate "2022.06.19"]
[EventType "swiss"]
[EventCountry "NET"]
[SourceTitle "playchess.com"]
[Source "ChessBase"]
[SourceQuality "1"]
[TimeControl "180+2"]

1. d4 d5 2. c4 e6 3. Nc3 Nf6 4. Nf3 a6 5. cxd5 exd5 6. Bg5 Be6 7. e3 Nbd7 8. Ne5 h6 9. Bxf6 Nxf6 10. Qb3 Qc8 11. Bd3 Bd6 12. Nf3 O-O 13. O-O c6 14. Rac1 Bg4 15. Be2 Qd7 16. h3 Bf5 17. Na4 Rad8 18. Nc5 Bxc5 19. Rxc5 Rfe8 20. Ne5 Qc7 21. Rfc1 Ne4 22. Rxd5 Rb8 23. Nxf7 Qxf7 24. Rxf5 Qxb3 25. axb3 Nd2 26. Bc4+ Kh7 27. Rc2 Ne4 28. Bd3 g6 29. Rf4 Nd6 30. Rc5 Re7 31. Rf6 Ne4 32. Bxe4 Rxe4 33. Kf1 Re7 34. Ke2 Rd8 35. Kd3 Kg7 36. Rf3 Rd6 37. g3 Rd8 38. b4 Rdd7 39. Kc4 Rd6 40. g4 Red7 41. Rg3 Re7 42. Rg1 Rde6 43. Rc1 b6 44. Re5 Rxe5 45. dxe5 Rxe5 46. Kd4 Re6 47. b3 g5 48. f4 Kf6 49. f5 Rd6+ 50. Kc3 Ke5 51. Kc2 b5 52. Rd1 Rf6 53. Rd8 Ke4 54. Kd2 Kf3 55. Re8 Kg3 56. Re6 Rf8 57. Rxh6 Rf7 58. e4 Kf4 59. Re6 Kg3 60. e5 Kxh3 61. f6 Kxg4 62. Re7 Rf8 63. f7 Kf5 64. e6 g4 65. Re8 Rxf7 66. exf7 g3 67. f8=Q+ Kg4 68. Re4+ Kh3 69. Qf3 Kh2 70. Rh4+ Kg1 71. Rh1# 1-0

[Event "Queens Festival Europe 2022"]
[Site "Tornelo"]
[Date "2022.06.19"]
[Round "2.2"]
[White "Andries, Leia"]
[Black "Bakhshizada, Asnad"]
[Result "0-1"]
[ECO "C00"]
[WhiteElo "1438"]
[BlackElo "1052"]
[Annotator "NA RC"]
[PlyCount "114"]
[EventDate "2022.06.19"]
[EventType "swiss"]
[EventCountry "NET"]
[SourceTitle "playchess.com"]
[Source "ChessBase"]
[SourceQuality "1"]
[TimeControl "180+2"]

1. e4 e6 2. Nc3 d5 3. Nf3 d4 4. Ne2 c5 5. c3 dxc3 6. Nxc3 Nf6 7. e5 Nd5 8. d4 cxd4 9. Qxd4 Nc6 10. Bb5 Bd7 11. Bxc6 Bxc6 12. O-O Be7 13. Be3 O-O 14. Nxd5 Bxd5 15. Qg4 Bxf3 16. Qxf3 Bg5 17. Rfe1 Bxe3 18. Rxe3 Qb6 19. b3 Rac8 20. Qg4 Qc5 21. h3 Rcd8 22. Rae1 Qd4 23. Rg3 Qxg4 24. Rxg4 Rd2 25. a4 h6 26. Re3 Rc8 27. f4 Rcc2 28. Reg3 g6 29. h4 h5 30. Rg5 Kf8 31. Kh2 Rd1 32. Rf3 Rb2 33. Rgg3 Rbb1 34. Rg5 Rbc1 35. Re3 Ke7 36. Rf3 Kd7 37. Re3 Kc6 38. Rf3 Kc5 39. Re3 Kb4 40. Kh3 Rb1 41. Kg3 Rxb3 42. Rxb3+ Kxb3 43. a5 Ra1 44. Kh2 Rxa5 45. Rg3+ Kc4 46. Rf3 Kd4 47. Rf2 b5 48. g3 b4 49. Rb2 Rb5 50. Kg2 b3 51. Kf3 Kc3 52. Rb1 Kc2 53. Rf1 b2 54. Rf2+ Kc3 55. Ke4 b1=Q+ 56. Kf3 Qd3+ 57. Kg2 Rb2 0-1

[Event "Queens Festival Europe 2022"]
[Site "Tornelo"]
[Date "2022.06.19"]
[Round "2.3"]
[White "Kanyamarala, Trisha"]
[Black "Ibrahimova, Sabina"]
[Result "0-1"]
[ECO "E90"]
[WhiteElo "2127"]
[BlackElo "2146"]
[Annotator "NA RC"]
[PlyCount "78"]
[EventDate "2022.06.19"]
[EventType "swiss"]
[EventCountry "NET"]
[SourceTitle "playchess.com"]
[Source "ChessBase"]
[SourceQuality "1"]
[TimeControl "180+2"]

1. d4 Nf6 2. c4 g6 3. Nc3 Bg7 4. e4 d6 5. Nf3 O-O 6. Be2 e5 7. d5 a5 8. h3 Na6 9. Bg5 Nc5 10. Nd2 h6 11. Be3 Nh7 12. g4 c6 13. Qc2 Bd7 14. O-O-O cxd5 15. Nxd5 Rc8 16. Kb1 Nf6 17. Nxf6+ Qxf6 18. g5 hxg5 19. Rdg1 Ne6 20. Bg4 b5 21. Bxe6 Qxe6 22. Bxg5 bxc4 23. Rg3 c3 24. Rxc3 Rxc3 25. Qxc3 Rc8 26. Qb3 Qe8 27. h4 Be6 28. Qe3 Qa4 29. Nb3 Rb8 30. h5 Bxb3 31. axb3 Rxb3 32. Qc1 Qxe4+ 33. Ka2 Rb8 34. hxg6 fxg6 35. Re1 Qd5+ 36. Kb1 e4 37. Bf4 Rxb2+ 38. Ka1 Rc2+ 39. Kb1 Qa2# 0-1

[Event "Queens Festival Europe 2022"]
[Site "Tornelo"]
[Date "2022.06.19"]
[Round "2.3"]
[White "Vujcic, Milena"]
[Black "Can, Isil"]
[Result "1-0"]
[ECO "C97"]
[WhiteElo "1987"]
[BlackElo "1901"]
[Annotator "NA RC"]
[PlyCount "61"]
[EventDate "2022.06.19"]
[EventType "swiss"]
[EventCountry "NET"]
[SourceTitle "playchess.com"]
[Source "ChessBase"]
[SourceQuality "1"]
[TimeControl "180+2"]

1. e4 e5 2. Nf3 Nc6 3. Bb5 a6 4. Ba4 Nf6 5. O-O Be7 6. Re1 b5 7. Bb3 d6 8. c3 O-O 9. h3 Na5 10. Bc2 c5 11. d4 Qc7 12. Nbd2 Nd7 13. Nf1 Re8 14. Ng3 Bf8 15. Be3 Nc4 16. Bc1 cxd4 17. cxd4 Bb7 18. b3 Ncb6 19. Bb2 Rac8 20. Rc1 Qd8 21. Qe2 g6 22. Red1 Qe7 23. Ba3 Qf6 24. Bb1 Rxc1 25. Bxc1 Bg7 26. Bg5 Qe6 27. d5 Nxd5 28. exd5 Bxd5 29. Be3 e4 30. Ng5 Qe7 31. Rxd5 1-0

[Event "Queens Festival Europe 2022"]
[Site "Tornelo"]
[Date "2022.06.19"]
[Round "2.3"]
[White "Frundina, Yelyzaveta"]
[Black "Lampard, Alice"]
[Result "0-1"]
[ECO "B34"]
[WhiteElo "1624"]
[BlackElo "1756"]
[Annotator "NA RC"]
[PlyCount "46"]
[EventDate "2022.06.19"]
[EventType "swiss"]
[EventCountry "NET"]
[SourceTitle "playchess.com"]
[Source "ChessBase"]
[SourceQuality "1"]
[TimeControl "180+2"]

1. e4 c5 2. Nf3 Nc6 3. d4 cxd4 4. Nxd4 g6 5. Nc3 Bg7 6. Nxc6 bxc6 7. Bc4 e6 8. Bb3 Ne7 9. Bg5 h6 10. Bf4 d5 11. exd5 cxd5 12. O-O O-O 13. Qd2 Kh7 14. Rfe1 Ba6 15. Be5 f6 16. Bg3 d4 17. Ne4 e5 18. Rad1 Rc8 19. c3 f5 20. Ng5+ hxg5 21. Qxg5 Ng8 22. Qxd8 Rfxd8 23. Bxe5 dxc3 0-1

[Event "Queens Festival Europe 2022"]
[Site "Tornelo"]
[Date "2022.06.19"]
[Round "2.3"]
[White "Rahimli, Ulkar"]
[Black "Strnadova, Monika"]
[Result "1-0"]
[ECO "A48"]
[WhiteElo "1268"]
[BlackElo "1518"]
[Annotator "NA RC"]
[PlyCount "87"]
[EventDate "2022.06.19"]
[EventType "swiss"]
[EventCountry "NET"]
[SourceTitle "playchess.com"]
[Source "ChessBase"]
[SourceQuality "1"]
[TimeControl "180+2"]

1. d4 Nf6 2. Nf3 g6 3. e3 Bg7 4. Bd3 O-O 5. O-O d6 6. b3 Nbd7 7. Bb2 c5 8. Nbd2 b6 9. c4 Bb7 10. Rc1 Rc8 11. d5 Ng4 12. Bxg7 Kxg7 13. h3 Nge5 14. Nxe5 Nxe5 15. Bc2 e6 16. f4 Nd7 17. e4 exd5 18. cxd5 Re8 19. Nc4 Nf6 20. Qf3 b5 21. Nd2 Qa5 22. Qf2 Qb4 23. e5 Nxd5 24. exd6 Rcd8 25. Ne4 Rxe4 26. Bxe4 Qxe4 27. Qf3 Qxf3 28. Rxf3 Rxd6 29. Rd3 Rf6 30. Rxc5 Nxf4 31. Rd2 Re6 32. Rxb5 Re1+ 33. Kh2 Re2 34. Rxe2 Nxe2 35. Rxb7 a5 36. Ra7 Nc3 37. Rxa5 Kf6 38. b4 Ke6 39. Ra6+ Kd5 40. a4 Kc4 41. b5 Kc5 42. Ra7 f5 43. Rc7+ Kb4 44. Rxc3 1-0